 Dungeon Crawl Stone Soup version 0.31-a0-145-g046c7d2549 (webtiles) character file.

Game seed: 18407031105448645683

95 qw the Shooter (level 4, -4/39 HPs)
             Began as a Minotaur Hunter on June 7, 2023.
             Slain by an iguana (13 damage)
             ... on level 3 of the Dungeon.
             The game lasted 00:00:32 (1420 turns).

qw the Shooter (Minotaur Hunter)                    Turns: 1420, Time: 00:00:33

Health: -4/39      AC:  3    Str: 21    XL:     4   Next: 40%
Magic:  3/3        EV: 12    Int:  6    God:
Gold:   141        SH:  0    Dex: 16    Spells: 3/3 levels left

rFire   . . .        Y - +0 shortbow
rCold   . . .        (shield currently unavailable)
rNeg    . . .        c - +0 leather armour
rPois   .            (helmet restricted)
rElec   .            (no cloak)
rCorr   .            (no gloves)
SInv    .            (no boots)
Will    .....        (no amulet)
Stlth   +            d - +6 ring of strength
HPRegen 0.26/turn    (no ring)
MPRegen 0.08/turn

%: no passive effects
@: no status effects
A: horns 2, retaliatory headbutt
a: no special abilities


You were on level 3 of the Dungeon.
You visited 1 branch of the dungeon, and saw 3 of its levels.

You collected 141 gold pieces.


Innate Abilities, Weirdness & Mutations

You have a pair of horns on your head.
You reflexively headbutt those who attack you in melee.


   Skills:
 + Level 3.6 Fighting
 - Level 6.0 Ranged Weapons
 - Level 2.1 Dodging
 - Level 0.7 Stealth


You had 3 spell levels left.
You didn't know any spells.
Your spell library was empty.

Inventory:

Hand Weapons
 Y - a +0 shortbow (weapon)
Armour
 c - a +0 leather armour (worn)
Jewellery
 d - a +6 ring of strength (left hand)
Scrolls
 g - a scroll of identify
Potions
 a - a potion of berserk rage {unknown}
 i - 2 potions of curing
 j - a potion of haste

Dungeon Overview and Level Annotations

Branches:
Dungeon (3/15)

Altars:


Message History

You shoot an arrow.
The arrow hits the iguana but does no damage.
A rat comes into view.
You shoot an arrow. The arrow hits the iguana.
The iguana is lightly wounded.
You shoot an arrow. The arrow closely misses the hobgoblin.
The hobgoblin hits you.
You shoot an arrow. The arrow hits the hobgoblin.
You kill the hobgoblin!
You shoot an arrow. The arrow hits the iguana.
The iguana is moderately wounded.
The iguana bites you.
You shoot an arrow. The arrow closely misses the iguana.
The arrow hits the rat!
You kill the rat!
The iguana bites you!
You shoot an arrow. The arrow barely misses the iguana.
The iguana barely misses you.
You shoot an arrow. The arrow barely misses the iguana.
The iguana closely misses you.
You shoot an arrow. The arrow closely misses the iguana.
The iguana closely misses you.
You shoot an arrow. The arrow hits the iguana.
The iguana is heavily wounded.
The iguana bites you! x2
You shoot an arrow.
The arrow hits the iguana but does no damage.
The iguana is heavily wounded.
The iguana bites you.
You shoot an arrow.
The arrow hits the iguana but does no damage.
The iguana is heavily wounded.
The iguana barely misses you.
You shoot an arrow. The arrow hits the iguana.
The iguana is almost dead.
The iguana bites you but does no damage.
You shoot an arrow.
The arrow hits the iguana but does no damage.
The iguana is almost dead.
The iguana bites you!
You die...

.........#.#
#...........
...........#
...........#
............##
.......%.....###.
........l........
#.......@#
##.......### ..
...........#...#
...........)....
#.....<...<..#.
#.............#
#.............#
#..............
................


You could see an iguana.

Vanquished Creatures
  3 adders
  3 gnolls (D:2)
  A worm (D:2)
  3 dart slugs (D:1)
  4 bats
  2 endoplasms
  3 goblins
  A hobgoblin (D:3)
  A quokka (D:1)
  5 ball pythons
  2 frilled lizards
  2 kobolds
  4 rats
34 creatures vanquished.

Notes
Turn   | Place    | Note
-------+----------+-------------------------------------------
     0 | D:1      | qw the Minotaur Hunter began the quest for the Orb.
     0 | D:1      | Reached XP level 1. HP: 18/18 MP: 0/0
     0 | D:1      | 0 ||| qw: Version: 0.2-a-117-gc6b5c8b
     0 | D:1      | 0 ||| qw: Game counter: 2523
     0 | D:1      | 0 ||| qw: Always use a shield: true
     0 | D:1      | 0 ||| qw: God list: Okawaru
     0 | D:1      | 0 ||| qw: Allow faded altars: false
     0 | D:1      | 0 ||| qw: Do Orc after D:15 true
     0 | D:1      | 0 ||| qw: Do second Lair branch before Depths: true
     0 | D:1      | 0 ||| qw: Lair rune preference: random
     0 | D:1      | 0 ||| qw: Plans: Normal
     0 | D:1      | 0 ||| PLANNING D:1-11
    69 | D:1      | Found a faded altar of an unknown god.
   109 | D:1      | Reached XP level 2. HP: 25/25 MP: 1/1
   149 | D:1      | Reached skill level 5 in Ranged Weapons
   430 | D:1      | Reached skill level 3 in Fighting
   687 | D:1      | 687 ||| UPGRADING to +6 ring of strength.
   688 | D:1      | 688 ||| READING scroll labelled SURETU PITOKO.
   689 | D:1      | 689 ||| READING 2 scrolls labelled YFFOAS AVOIGH.
   690 | D:1      | 690 ||| READING 4 scrolls labelled XOINYV WIEBLIG.
   691 | D:1      | 691 ||| READING scroll labelled JICIAR ZIALIE.
   738 | D:1      | 738 ||| READING 3 scrolls of identify.
   738 | D:1      | 738 ||| IDENTIFYING glowing silvery potion
   739 | D:1      | 739 ||| READING 2 scrolls of identify.
   739 | D:1      | 739 ||| IDENTIFYING inky potion
   740 | D:1      | 740 ||| DROPPING scroll of butterflies.
   741 | D:1      | 741 ||| DROPPING scroll of vulnerability.
   772 | D:2      | Reached XP level 3. HP: 31/31 MP: 2/2
  1198 | D:2      | Reached skill level 6 in Ranged Weapons
  1198 | D:2      | Reached XP level 4. HP: 26/38 MP: 3/3
  1416 | D:3      | HP: 9/39 [iguana (10)]
  1420 | D:3      | Slain by an iguana

Levels and vault maps discovered:
D:1:      wander_arrival_desolate, layout_loops_cross,
          hellmonk_ecumenical_altar_leap_of_faith, minmay_tromino_i2
D:2:      layout_basic
D:3:      layout_rooms, kennysheep_flooded_box

Skill      XL: |  1  2  3 |
---------------+----------+-----
Ranged Weapons | 5 6 |  6.0
Fighting       | 3 |  3.6
Dodging        | |  2.1
Stealth        | |  0.7

Action                     |  1- 3 |  4- 6 || total
---------------------------+-------+-------++-------
   Fire: Shortbow          |    99 |    29 ||   128
    Use: Scroll            |     6 |       ||     6
 Armour: Leather armour    |     9 |     1 ||    10
  Dodge: Dodged            |    18 |     5 ||    23

Table legend:
 A = Non-vault XP
 B = Vault XP
 C = Vault XP percentage of total XP
 D = Non-vault monster count
 E = Vault monster count
 F = Vault count percentage of total count
                 A         B        C        D         E       F
            +---------+---------+-------+---------+---------+-------
      Total |     134 |       3 |   2.2 |      32 |       2 |   5.9
            +---------+---------+-------+---------+---------+-------
        D:1 |      30 |       3 |   9.1 |      15 |       2 |  11.8
        D:2 |      86 |       0 |   0.0 |      13 |       0 |   0.0
        D:3 |      18 |       0 |   0.0 |       4 |       0 |   0.0
            +---------+---------+-------+---------+---------+-------
